Map: Thunderbird LE

Players

Emperor - Winner!

  • Race: Protoss Protoss
  • League: Diamond
  • Spawn Location: 11:00

SandboX

  • Race: Zerg Zerg
  • League: Gold
  • Spawn Location: 5:00

VOD

Have the link to the VOD?

Description

Time

  • Played on: Aug. 11, 2019, 7:52 p.m.
  • Length: 2:32
Show
View Real Time Build Order
Export as new Build Order

Emperor Protoss - Winner!

Build Orders:  

Get SALT Encoding   

  12  0:03  Probe  
  13  0:15  Probe  
  14  0:22  Pylon  
  14  0:27  Probe  
  15  0:40  Probe  
  16  0:43  Forge  
  16  0:52  Probe  
  17  1:02  Assimilator, Gateway  
  17  1:11  Probe  
  18  1:23  Probe  
  18  1:25  Pylon  
  19  1:35  Probe  
  20  1:50  Cybernetics Core  
  20  1:55  Photon Cannon  
  20  1:56  Photon Cannon  
  20  2:07  Pylon  
  20  2:17  Photon Cannon  
Show
View Real Time Build Order
Export as new Build Order

SandboX Zerg 

Build Orders: Hatch First 

Get SALT Encoding   

  12  0:01  Drone  
  13  0:12  Overlord  
  13  0:21  Drone  
  14  0:31  Drone x2  
  14  0:34  Drone  
  17  0:55  Hatchery  
  16  1:00  Drone  
  16  1:01  Drone  
  18  1:07  Extractor  
  17  1:25  Drone x2, Spawning Pool  
  18  1:51  Drone  
  18  1:52  Overlord  
  19  2:12  Zergling x6  
Tags
 
Add a new tag
Caveats
  • Supply blocks, unpowered buildings, or Contaminate may cause inaccurate times.
  • Supply counts are checked every 10 seconds.